 Dungeon Crawl Stone Soup version 0.22-a0-429-g97ce8ef (webtiles) character file.

140105 GameOver the Destroyer (level 17, -16/133 HPs)
             Began as a Naga Wizard on May 25, 2018.
             Was the Champion of Kikubaaqudgha.
             Killed from afar by Josephine (32 damage)
             ... with a ghostly fireball
             ... on level 1 of the Swamp.
             The game lasted 03:33:43 (26012 turns).

GameOver the Destroyer (Naga Wizard)               Turns: 26012, Time: 03:33:45

Health: -16/133    AC: 21    Str: 11      XL:     17   Next: 30%
Magic:  10/32      EV:  6    Int: 26      God:    Kikubaaqudgha [******]
Gold:   1799       SH:  4    Dex: 14 (15) Spells: 15/38 levels left

rFire    + . .     SeeInvis +   w - +4 dagger (elec)
rCold    . . .     Gourm    .   E - +0 buckler
rNeg     . . .     Faith    +   u - +2 troll leather armour {Snorg}
rPois    +         Spirit   .   V - +2 helmet
rElec    .         Reflect  .   t - +1 cloak
rCorr    .         Harm     .   (no gloves)
MR       ++...                  U - +0 naga barding
Stlth    +++.......             e - amulet of faith
HPRegen  0.72/turn              W - +5 ring of dexterity
MPRegen  0.23/turn              P - ring of protection from fire

@: very slightly contaminated, very heavily drained, very slow
A: large, molten scales 1, see invisible, clever 1, deformed body, deterioration
1, poison resistance, slowness 2, slow metabolism 1, spit poison 2, constrict 1,
AC +5
a: Breathe Poison Gas, Receive Corpses, Torment, Renounce Religion


You were on level 1 of the Swamp.
You worshipped Kikubaaqudgha.
Kikubaaqudgha was exalted by your worship.
You were very hungry.

You visited 6 branches of the dungeon, and saw 28 of its levels.
You also visited: Labyrinth.

You collected 2716 gold pieces.
You spent 917 gold pieces at shops.

Inventory:

Hand Weapons
 s - a +2 scimitar of flaming
 w - a +4 dagger of electrocution (weapon)
Missiles
 k - 260 bolts
Armour
 t - a +1 cloak (worn)
 u - a +2 troll leather armour (worn) {Snorg}
 v - the +0 fire dragon scales "Ywkeagiffo" {rElec rPois rF++ rC- Regen+}
   (You found it on level 1 of the Snake Pit)

   It greatly protects you from fire.
   It makes you vulnerable to cold.
   It insulates you from electricity.
   It protects you from poison.
   It increases your rate of regeneration.
 y - a +2 shield
 E - a +0 buckler (worn)
 T - +0 acid dragon scales
 U - a +0 naga barding (worn)
 V - a +2 helmet (worn)
Magical Staves
 C - an uncursed staff of earth
Jewellery
 e - an amulet of faith (around neck)
 P - a ring of protection from fire (right hand)
 W - a +5 ring of dexterity (left hand)
Wands
 g - a wand of scattershot (6)
 q - a wand of iceblast (11)
 B - a wand of random effects (10)
 D - a wand of paralysis (55)
 G - a wand of disintegration (22)
 I - a wand of digging (13)
 L - a wand of flame (55)
 S - a wand of acid (14)
Scrolls
 a - 10 scrolls of teleportation
 b - a scroll of fog
 i - 7 scrolls of remove curse
 m - 3 scrolls of magic mapping
 r - 2 scrolls of identify
 x - a scroll of holy word
 H - 3 scrolls of enchant armour
 J - 5 scrolls of blinking
 N - a scroll of silence
 Q - 3 scrolls of enchant weapon
 R - 4 scrolls of brand weapon
 Y - 2 scrolls of amnesia
 Z - a scroll of vulnerability
Potions
 f - 6 potions of flight
 h - a potion of lignification
 j - 5 potions of curing
 l - 3 potions of agility
 n - 4 potions of haste
 o - 3 potions of resistance
 p - 4 potions of might
 z - a potion of invisibility
 A - 4 potions of mutation
 F - 6 potions of heal wounds
 K - a potion of brilliance
 M - a potion of cancellation
 O - a potion of ambrosia
 X - 2 potions of magic
Comestibles
 c - 2 chunks of flesh
 d - 34 rations


   Skills:
 - Level 4.0(0.6) Fighting
 - Level 10.0(6.0) Short Blades
 - Level 5.0(1.6) Armour
 - Level 1.5(0.0) Dodging
 - Level 8.3(4.5) Stealth
 - Level 4.0(0.7) Shields
 + Level 11.4(7.3) Spellcasting
 + Level 13.4(9.1) Conjurations
 - Level 7.5(3.8) Hexes
 + Level 2.2(0.0) Charms
   Level 1.0(0.0) Summonings
 - Level 6.7(3.1) Necromancy
 - Level 4.0(0.6) Translocations
   Level 2.0(0.0) Fire Magic
 + Level 13.2(8.9) Ice Magic
 + Level 9.3(5.4) Air Magic
 - Level 5.3(1.8) Poison Magic
 - Level 6.0(2.4) Evocations


You had 15 spell levels left.
You knew the following spells:

 Your Spells              Type           Power        Failure   Level  Hunger
a - Bolt of Cold          Conj/Ice       ######....   41%         6    ######.
b - Blink                 Tloc           N/A          14%         2    None
c - Confuse               Hex            ####....     8%          3    None
d - Mephitic Cloud        Conj/Pois/Air  #####...     3%          3    None
s - Freezing Cloud        Conj/Ice/Air   ######....   58%         6    ######.
x - Regeneration          Chrm/Necr      ###.......   19%         3    None

Your spell library contained the following spells:

 Spells                   Type           Power        Failure   Level  Hunger
 Magic Dart               Conj           ####         1%          1    None
 Apportation              Tloc           ##....       9%          1    None
 Conjure Flame            Conj/Fire      ####....     5%          3    None
 Bolt of Magma            Conj/Fire/Erth ####......   67%         5    #####..
 Slow                     Hex            ####....     3%          2    None
 Venom Bolt               Conj/Pois      #####.....   34%         5    #####..
 Olgreb's Toxic Radiance  Pois           ###.....     50%         4    ###....
 Death's Door             Chrm/Necr      ###.......   100%        8    #######
 Summon Small Mammal      Summ           #...         12%         1    None
 Pain                     Necr           ####         3%          1    None
 Animate Skeleton         Necr           N/A          3%          1    None
 Vampiric Draining        Necr           ####......   10%         3    None
 Haunt                    Necr/Summ      ###.......   100%        7    #######
 Borgnjor's Revivificati  Necr           ####......   100%        8    #######
 Ozocubu's Refrigeration  Ice            ######....   41%         6    ######.
 Call Imp                 Summ           #.......     19%         2    None
 Dispel Undead            Necr           ####....     65%         5    #####..
 Sting                    Conj/Pois      ####         1%          1    None
 Sublimation of Blood     Necr           ####......   4%          2    None
 Corpse Rot               Necr           N/A          4%          2    None
 Iron Shot                Conj/Erth      ####......   95%         6    ######.
 Agony                    Necr           ####....     65%         5    #####..
 Spider Form              Tmut/Pois      ##........   24%         3    None
 Blade Hands              Tmut           #.........   97%         5    #####..
 Ice Form                 Ice/Tmut       ####....     19%         4    ###....
 Necromutation            Tmut/Necr      ###.......   100%        8    #######
 Death Channel            Necr           ####......   99%         6    ######.
 Confusing Touch          Hex            ####..       2%          1    None
 Sticks to Snakes         Tmut           #.......     19%         2    None
 Metabolic Englaciation   Hex/Ice        #####.....   24%         5    #####..
 Simulacrum               Ice/Necr       #####.....   83%         6    ######.
 Petrify                  Tmut/Erth      #.......     75%         4    ###....
 Orb of Destruction       Conj           ######....   93%         7    #######
 Shroud of Golubria       Chrm/Tloc      ##........   16%         2    None
 Beastly Appendage        Tmut           #.....       12%         1    None
 Iskenderun's Battlesphe  Conj/Chrm      ####....     45%         5    #####..
 Infusion                 Chrm           #...         12%         1    None
 Song of Slaying          Chrm           #.......     19%         2    None
 Spectral Weapon          Hex/Chrm       ###.....     16%         3    None
 Spellforged Servitor     Conj/Summ      ####......   100%        7    #######
 Gell's Gravitas          Tloc           ##........   26%         3    None
 Yara's Violent Unravell  Hex/Tmut       ###.......   83%         5    #####..
 Infestation              Necr           ####......   100%        8    #######
 Poisonous Vapours        Pois/Air       ####..       4%          2    None
 Borgnjor's Vile Clutch   Necr/Erth      ###.......   86%         5    #####..


Dungeon Overview and Level Annotations

Branches:
Dungeon (15/15)            Temple (1/1) D:4            Lair (6/6) D:10
  Swamp (1/4) Lair:3        Snake (3/4) Lair:3        Slime (0/5) Lair:6
    Orc (2/2) D:9             Elf (0/3) Orc:2        Vaults (0/5) D:13
 Depths (0/5) D:15

Altars:
Ashenzari
Cheibriados
Dithmenos
Elyvilon
Fedhas
Gozag
Hepliaklqana
Kikubaaqudgha
Makhleb
Nemelex Xobeh
Okawaru
Qazlal
Ru
Sif Muna
Trog
Uskayaw
Vehumet
Wu Jian
Xom
Yredelemnul
Zin
The Shining One
Jiyva

Shops:
D:5 *   D:11 (   Orc:1 }   Orc:2 =(*%:   Snake:1 %!}?

Annotations:
D:5 2 rust devils
Swamp:1 Josephine


Innate Abilities, Weirdness & Mutations

You cannot wear boots.
Your serpentine skin is tough. (AC +5)
You have supernaturally acute eyesight. (SInv)
Armour fits poorly on your strangely shaped body.
Your system is resistant to poisons. (rPois)
You cover ground very slowly.
You have a slow metabolism.
You can exhale a cloud of poison.
You can use your snake-like lower body to constrict enemies.
You are partially covered in molten scales. (AC +2)
Your mind is acute. (Int +2)
Your body sometimes deteriorates upon taking damage.


Message History

The wraith is engulfed in freezing vapours.
Josephine is engulfed in freezing vapours.
Josephine points at you and mumbles some strange words.
The ghostly flame explodes!
The ghostly fireball engulfs you!
You feel drained.
* * * LOW HITPOINT WARNING * * *
The ghostly fireball engulfs the wraith.
The wraith completely resists.
Unknown command.
Unknown command.
Unknown command.
Evoke which item? (* to show all) (? for menu, Esc to quit)
Aiming: Corrosive Bolt
Press: ? - help, Shift-Dir - straight line, f/p - Josephine
Aim: Josephine, wielding a dagger and wearing a robe (freezing vapour, severely wounded)
The bolt of acid misses Josephine.
Josephine is engulfed in freezing vapours.
Josephine casts a spell at you.
The ghostly flame explodes!
The ghostly fireball engulfs you!
You feel drained.
You die...
Kikubaaqudgha rasps: "You have failed me!
Welcome... death!"

**,,≈*,≈*≈≈≈,* ♣...♣ ♣.≈≈.....
≈,,≈,,≈≈♣≈≈≈.* ♣♣..♣♣♣♣≈≈≈§.≈≈≈
≈,≈≈≈≈,.≈.≈≈W* ♣..≈≈♣♣÷≈.≈≈≈≈≈§
≈,≈,,,,♣≈≈≈≈≈♣* ♣≈≈≈.♣♣♣.♣♣≈.≈≈≈
,,,,≈≈,..≈≈≈≈.* ♣♣.≈♣≈.♣.♣.♣♣....
≈,,,≈≈*♣.≈≈≈≈.* ♣..≈♣...♣♣♣.♣....
≈,≈**≈≈≈.≈≈.>.* ♣...≈♣≈♣.♣,.♣.≈♣.
,,,,,≈≈♣..≈.≈.♣♣♣≈.♣♣♣♣.♣≈♣,♣.♣♣♣
,,,≈,,≈♣.≈≈.≈..♣@..♣,*,♣♣♣.♣,,,,,
,≈,≈≈,*.....≈§@§W≈♣.♣,*,*,♣♣*,*,*
,,≈,≈≈≈.≈≈≈≈.§§§§≈.♣♣*≈*,*,*,***,
≈≈≈,≈**≈♣≈≈≈....§.♣.♣,***≈*≈*,*,*
≈*≈,≈,,..§≈≈≈≈≈♣≈♣.♣.♣≈*,,**,*,*,
≈≈,≈*,≈.....≈≈≈≈.♣♣♣♣.♣,*,*,***,*
≈≈,≈≈,,≈...≈.≈....,*,♣♣*,*,*,*,**
≈,,≈≈,,§≈♣...≈...≈.,*,*,***,*,*,*
*≈,≈≈≈≈,,♣♣♣♣..≈♣.♣*,*,,,*≈***≈*,


You could see Josephine and a wraith.

Vanquished Creatures
  Rupert (Lair:6)
  2 nagarajas (Snake:3)
  A minotaur (Lab)
  Snorg (Lair:6)
  A fire dragon (D:15)
  Erolcha (D:12)
  4 ogre magi (Orc:2)
  13 naga warriors
  7 hydras
  A death knight (D:13)
  20 two-headed ogres
  The ghost of Conn321 the Thaumaturge, a journeyman DEFE of Sif Muna (Orc:2)
  4 alligators (Swamp:1)
  7 anacondas
  A deep troll shaman (Lair:6)
  A catoblepas (Lair:6)
  3 death yaks (Lair:6)
  4 shock serpents
  4 naga sharpshooters
  An orc high priest (Orc:1)
  2 sea snakes (Snake:3)
  A death drake (shapeshifter) (D:13)
  3 unseen horrors
  A swamp dragon (Swamp:1)
  A glowing orange brain (D:15)
  An orange crystal statue (D:13)
  A lindwurm (Lair:6)
  A phantasmal warrior (D:13)
  2 naga ritualists
  A mana viper (shapeshifter) (D:15)
  4 deep elf magi
  An orc knight (Orc:2)
  6 mana vipers
  2 salamanders (shapeshifter)
  The ghost of Tiareth the Magician, a novice DgWz (D:6)
  4 manticores
  17 ugly things
  2 cyclopes (D:13)
  11 salamanders
  2 centaur zombies
  6 elephants
  A torpor snail (Lair:3)
  An ice statue (D:13)
  18 black mambas
  5 gargoyles
  3 guardian serpents
  4 spiny frogs
  14 naga magi
  A rime drake (shapeshifter) (D:13)
  2 efreet
  11 komodo dragons
  A komodo dragon (shapeshifter) (D:15)
  2 kobold demonologists (D:15)
  A minotaur zombie (Lab)
  A freezing wraith (D:13)
  6 trolls
  8 polar bears
  3 meliai (D:13)
  A tyrant leech (Swamp:1)
  4 hornets
  The ghost of KeeTraxx the Poker, an amateur DsGl (D:3)
  11 slime creatures
  A harpy skeleton (D:15)
  6 hippogriffs
  16 dream sheep
  A bog body (Swamp:1)
  2 shadows
  2 wyverns
  4 wraiths
  5 spriggans
  Eustachio (D:6)
  A hog (shapeshifter) (D:15)
  25 yaks
  5 basilisks
  7 vampire mosquitoes (D:13)
  5 hungry ghosts
  2 wargs (Orc:1)
  5 swamp worms
  An acid dragon (D:15)
  24 nagas
  7 porcupines
  15 water moccasins
  A swamp drake (Swamp:1)
  2 ice beasts
  5 black bears
  6 phantoms
  7 sky beasts
  2 necrophages (D:14)
  25 orc warriors
  2 eyes of draining
  3 boggarts (D:15)
  12 wolves
  5 centaurs
  A crocodile (shapeshifter) (D:15)
  35 ogres
  8 crocodiles
  A big kobold (D:9)
  22 bullfrogs
  A wyvern zombie (D:14)
  5 scorpions
  3 killer bees (D:8)
  6 wights
  2 howler monkeys
  An electric eel (Lair:3)
  3 bullfrog zombies
  11 crimson imps
  5 human zombies (D:14)
  3 hounds
  7 jellies
  12 orc priests
  4 bullfrog skeletons
  4 iguanas
  Terence (D:2)
  A human skeleton (D:14)
  Jessica (D:2)
  5 centaur skeletons
  21 orc wizards
  10 worker ants
  An ogre skeleton (D:14)
  A mummy (D:14)
  A hound skeleton (D:7)
  Robin (D:3)
  4 gnolls (D:3)
  A howler monkey skeleton (D:10)
  7 adders
  2 shadow imps
  An ooze (D:1)
  An adder zombie (D:6)
  An adder skeleton (D:6)
  6 worms
  2 dart slugs (D:1)
  4 leopard geckos
  77 orcs
  3 ball pythons
  7 bats
  9 giant cockroaches
  18 goblins
  9 hobgoblins
  7 jackals
  13 kobolds
  6 quokkas
  6 frilled lizards
  A jackal skeleton (D:4)
  An orc zombie (D:14)
  2 quokka skeletons
  5 rats
  2 fungi
  9 plants
833 creatures vanquished.

Vanquished Creatures (others)
  An alligator (Swamp:1)
  A two-headed ogre (D:10)
  A bush (Lair:6)
  3 fungi
  6 plants
12 creatures vanquished.

Grand Total: 845 creatures vanquished

Notes
Turn   | Place    | Note
-------+----------+-------------------------------------------
     0 | D:1      | GameOver the Naga Wizard began the quest for the Orb.
     0 | D:1      | Reached XP level 1. HP: 15/15 MP: 4/4
   108 | D:1      | Reached XP level 2. HP: 20/22 MP: 0/6
   236 | D:1      | Reached XP level 3. HP: 28/28 MP: 7/7
   909 | D:2      | Reached XP level 4. HP: 36/36 MP: 6/8
  1057 | D:2      | Noticed Jessica
  1059 | D:2      | Killed Jessica
  1242 | D:2      | Learned a level 2 spell: Blink
  1246 | D:2      | Learned a level 3 spell: Mephitic Cloud
  1250 | D:2      | Learned a level 3 spell: Conjure Flame
  1328 | D:2      | Noticed Terence
  1342 | D:2      | Killed Terence
  1342 | D:2      | Reached XP level 5. HP: 37/42 MP: 6/9
  1406 | D:2      | Reached skill level 5 in Conjurations
  1629 | D:3      | Reached XP level 6. HP: 43/49 MP: 3/10
  1732 | D:3      | Reached skill level 1 in Poison Magic
  1830 | D:3      | Reached skill level 1 in Fighting
  1830 | D:3      | Reached skill level 1 in Fire Magic
  1908 | D:3      | Noticed Robin
  1916 | D:3      | Noticed KeeTraxx's ghost (amateur DsGl)
  1921 | D:3      | Killed Robin
  2168 | D:4      | Found a staircase to the Ecumenical Temple.
  2177 | Temple   | Entered the Ecumenical Temple
  2230 | Temple   | Became a worshipper of Kikubaaqudgha
  2503 | D:4      | Reached XP level 7. HP: 58/58 MP: 7/11
  2514 | D:4      | Reached skill level 1 in Armour
  2728 | D:4      | Learned a level 3 spell: Confuse
  2851 | D:4      | Reached skill level 1 in Short Blades
  3048 | D:5      | Entered Level 5 of the Dungeon
  3099 | D:5      | Reached * piety under Kikubaaqudgha
  3099 | D:5      | Identified Kikubaaqudgha's Disquisition on Unholy Secrets (Kikubaaqudgha gifted it to you on level 5 of the Dungeon)
  3099 | D:5      | Received a gift from Kikubaaqudgha
  3135 | D:5      | Found Qaaduu's General Store.
  3194 | D:5      | Reached XP level 8. HP: 68/68 MP: 3/12
  3873 | D:6      | Noticed Eustachio
  3896 | D:6      | Killed Eustachio
  3896 | D:6      | Reached skill level 5 in Poison Magic
  4004 | D:6      | Noticed Tiareth's ghost (novice DgWz)
  4159 | D:6      | Reached XP level 9. HP: 78/78 MP: 11/13
  4165 | D:6      | Found a glowing silver altar of Zin.
  4173 | D:6      | Reached ** piety under Kikubaaqudgha
  4420 | D:6      | Killed Tiareth's ghost
  4420 | D:6      | Reached skill level 5 in Short Blades
  4612 | D:5      | Noticed a rust devil
  4612 | D:5      | Noticed a rust devil
  4783 | D:7      | Reached skill level 5 in Armour
  5901 | D:3      | Killed KeeTraxx's ghost
  6141 | D:8      | Noticed a hornet
  6168 | D:8      | Killed a hornet
  6168 | D:8      | Reached XP level 10. HP: 85/85 MP: 9/14
  6330 | D:8      | Reached skill level 1 in Hexes
  6806 | D:9      | Found a staircase to the Orcish Mines.
  6904 | D:9      | Noticed a two-headed ogre
  6910 | D:9      | Noticed a two-headed ogre
  7254 | D:9      | Reached *** piety under Kikubaaqudgha
  7254 | D:9      | Identified Kikubaaqudgha's Guide on Evil Magic (Kikubaaqudgha gifted it to you on level 9 of the Dungeon)
  7254 | D:9      | Received a gift from Kikubaaqudgha
  7311 | D:9      | Reached skill level 1 in Necromancy
  7329 | D:9      | Killed a two-headed ogre
  7548 | D:9      | Noticed a gargoyle
  7732 | D:10     | Entered Level 10 of the Dungeon
  7813 | D:10     | Found a staircase to the Lair.
  7888 | D:10     | Noticed a two-headed ogre
  7895 | D:10     | Killed a two-headed ogre
  7895 | D:10     | Reached skill level 1 in Evocations
  8036 | D:10     | Reached XP level 11. HP: 72/92 MP: 5/15
  8115 | D:10     | Noticed an eight-headed hydra
  8138 | D:10     | Killed an eight-headed hydra
  8138 | D:10     | Reached skill level 5 in Hexes
  8288 | Lair:1   | Entered Level 1 of the Lair of Beasts
  8507 | Lair:1   | Noticed a six-headed hydra
  8535 | Lair:1   | Reached skill level 5 in Stealth
  8883 | Lair:1   | Killed a six-headed hydra
  8999 | Lair:2   | Noticed a five-headed hydra
  9011 | Lair:2   | Killed a five-headed hydra
  9118 | Lair:2   | Reached skill level 5 in Necromancy
  9212 | Lair:2   | Reached skill level 10 in Short Blades
  9582 | Lair:2   | Reached **** piety under Kikubaaqudgha
  9819 | Lair:3   | Reached XP level 12. HP: 75/99 MP: 2/16
  9889 | Lair:3   | Found a labyrinth entrance.
  9898 | Lab      | Entered a labyrinth
 10329 | Lab      | Noticed a minotaur
 10396 | Lab      | Killed a minotaur
 10396 | Lab      | Reached skill level 5 in Evocations
 10404 | Lab      | Got a pitted tin ring
 10407 | Lab      | Identified the ring "Ikol" {-Tele MR+ MP+9 SInv} (You found it in a labyrinth)
 10615 | Lair:3   | Found a staircase to the Snake Pit.
 10884 | Lair:3   | Found a staircase to the Swamp.
 11105 | Lair:3   | Reached skill level 1 in Air Magic
 11612 | Lair:4   | Reached skill level 1 in Shields
 12026 | Lair:4   | Learned a level 6 spell: Bolt of Cold
 12117 | Lair:4   | Reached skill level 1 in Ice Magic
 12620 | Lair:5   | Reached ***** piety under Kikubaaqudgha
 12620 | Lair:5   | Gained mutation: You can use your snake-like lower body to constrict enemies. [Naga growth]
 12620 | Lair:5   | Reached XP level 13. HP: 98/105 MP: 19/19
 13140 | Lair:6   | Entered Level 6 of the Lair of Beasts
 13152 | Lair:6   | Noticed Snorg
 13170 | Lair:6   | Killed Snorg
 13305 | Lair:6   | Reached skill level 5 in Spellcasting
 13551 | Lair:6   | Noticed Rupert
 13578 | Lair:6   | Killed Rupert
 13669 | Lair:6   | Found a staircase to the Slime Pits.
 13670 | Lair:6   | Found a viscous altar of Jiyva.
 13802 | Lair:6   | Reached skill level 5 in Ice Magic
 14673 | Lair:6   | Got a steaming battleaxe
 14679 | Lair:6   | Identified the +6 battleaxe of the Volcano {venom, Fragile rElec rC+ rN+} (You found it on level 6 of the Lair of Beasts)
 14987 | D:11     | Reached XP level 14. HP: 114/114 MP: 17/23
 14995 | D:11     | Found Fefomex's Weapon Shoppe.
 15007 | D:11     | Bought 31 bolts for 93 gold pieces
 15669 | D:12     | Reached ****** piety under Kikubaaqudgha
 15703 | D:12     | Noticed Erolcha
 15710 | D:12     | Killed Erolcha
 16406 | D:13     | Found an opulent altar of Gozag.
 16601 | D:13     | Reached skill level 10 in Conjurations
 17465 | D:13     | Found a gate to the Vaults.
 17622 | D:13     | Reached skill level 10 in Ice Magic
 17882 | Temple   | Received a gift from Kikubaaqudgha
 17891 | Temple   | Learned a level 6 spell: Freezing Cloud
 18025 | Orc:1    | Entered Level 1 of the Orcish Mines
 18107 | Orc:1    | Found Uboemua's Gadget Shop.
 18316 | Orc:2    | Entered Level 2 of the Orcish Mines
 18334 | Orc:2    | Found a deep blue altar of Sif Muna.
 18739 | Orc:2    | Identified Sif Muna's Guide on Evil
 18761 | Orc:2    | Found a staircase to the Elven Halls.
 18897 | Orc:2    | Found Vaor's Book Emporium.
 19271 | Orc:2    | Reached XP level 15. HP: 107/120 MP: 10/27
 19477 | Orc:2    | Reached skill level 5 in Air Magic
 19494 | Orc:2    | Noticed Conn321's ghost (journeyman DEFE)
 19604 | Orc:2    | Gained mutation: Your body sometimes deteriorates upon taking damage. [potion of mutation]
 19604 | Orc:2    | Gained mutation: You can exhale a cloud of poison. [potion of mutation]
 19604 | Orc:2    | Gained mutation: You are partially covered in molten scales. (AC +2) [potion of mutation]
 19604 | Orc:2    | Gained mutation: Your mind is acute. (Int +2) [potion of mutation]
 19621 | Orc:2    | Killed Conn321's ghost
 19807 | Orc:2    | Found Bomeha's Jewellery Shoppe.
 19807 | Orc:2    | Found Ranytoih's Weapon Boutique.
 19808 | Orc:2    | Found Vetigoe's General Store.
 19808 | Orc:2    | Found Wicau's Food Emporium.
 19816 | Orc:2    | Bought a scroll of identify for 30 gold pieces
 19816 | Orc:2    | Bought a ration for 75 gold pieces
 19816 | Orc:2    | Bought a scroll of identify for 30 gold pieces
 20635 | D:14     | Found a basalt altar of Yredelemnul.
 21093 | D:15     | Entered Level 15 of the Dungeon
 21419 | D:15     | Found a bloodstained altar of Trog.
 21905 | D:15     | Reached XP level 16. HP: 80/127 MP: 18/29
 21906 | D:15     | Reached skill level 10 in Spellcasting
 21960 | D:15     | Found a staircase to the Depths.
 22478 | Snake:1  | Entered Level 1 of the Snake Pit
 22635 | Snake:1  | Found Agen's Magic Scroll Shoppe.
 22805 | Snake:1  | Bought 2 scrolls of blinking for 225 gold pieces
 22805 | Snake:1  | Bought a scroll of identify for 30 gold pieces
 22805 | Snake:1  | Bought a scroll of enchant armour for 112 gold pieces
 22805 | Snake:1  | Bought a scroll of identify for 30 gold pieces
 22805 | Snake:1  | Bought a scroll of amnesia for 52 gold pieces
 22805 | Snake:1  | Bought a scroll of identify for 30 gold pieces
 23076 | Snake:1  | Found Fiwatesoex's Food Shop.
 23091 | Snake:1  | Got diamond-encrusted fire dragon scales
 23104 | Snake:1  | Identified the cursed +0 fire dragon scales "Ywkeagiffo" {rElec rPois rF++ rC- Regen+} (You found it on level 1 of the Snake Pit)
 23144 | Snake:1  | Found Gygufet's Distillery.
 23147 | Snake:1  | Bought a potion of curing for 42 gold pieces
 23147 | Snake:1  | Bought a potion of curing for 42 gold pieces
 23147 | Snake:1  | Bought a potion of heal wounds for 70 gold pieces
 23147 | Snake:1  | Bought a potion of might for 56 gold pieces
 23209 | Snake:1  | Found Ikupp's Gadget Shop.
 24903 | Snake:3  | Noticed a nagaraja
 24928 | Snake:3  | Killed a nagaraja
 25082 | Snake:3  | Reached XP level 17. HP: 56/133 MP: 9/32
 25421 | Snake:3  | Learned a level 3 spell: Regeneration
 25571 | Snake:3  | Reached skill level 1 in Charms
 25856 | Swamp:1  | Entered Level 1 of the Swamp
 25992 | Swamp:1  | Noticed Josephine
 26012 | Swamp:1  | Killed from afar by Josephine

Vault maps used:
D:1:      evilmike_arrival_sounds_zot
D:2:      uniq_jessica, uniq_terence
D:3:      uniq_robin
D:4:      minmay_temple_entry_trees, first_ration, minmay_cupped
D:5:      cheibrodos_iron_armory, serial_shops, nicolae_shop_statue_plus
D:6:      nicolae_overflow_crystal_walls, uniq_eustachio
D:7:      item_on_display_a
D:9:      orc_0_dummy
D:10:     dpeg_oklobed_lair, grunt_ogre_cave
D:11:     serial_shops, nicolae_shop_trees
D:12:     uniq_erolcha
D:13:     minmay_separated_statues, david_vaults_2, serial_bayou_lagoon_a,
          nicolae_gozag_seed_capital
D:14:     lemuel_mausoleum_altar_yredelemnul
D:15:     gammafunk_enter_depths_forms, lemuel_crystal_altar
Temple:   grunt_wide_crystal_templ
Lair:2:   st_stairs_10, serial_bayou_shore_b, serial_bayou_shore_b
Lair:3:   nicolae_swamp_entry_splash_gauntlet, guppyfry_snake_entry_island,
          lab_entry_generic, wad_woods_02
Lair:4:   beast_lair_carwin_10, grunt_megastairs_2
Lair:6:   grunt_lair_end_beastmaster, slime_altar_1, uniq_rupert, uniq_snorg
Swamp:1:  portal_ice_cave_entry_dragon, nicolae_swamp_dense_foliage,
          uniq_josephine
Snake:1:  serial_shops, shop, shop, nicolae_shop_behind_doors, shop
Snake:2:  nicolae_snake_round_shape_thing
Snake:3:  serial_bayou_shore_a
Orc:1:    serial_shops, shop
Orc:2:    st_orc_ogre_mass, serial_shops, nicolae_shop_behind_doors,
          led_sif_book
Lab:      labyrinth_hidden_loot, labyrinth_skeletal_remains,
          nicolae_lab_very_dead_end

Skill      XL: |  1  2  3  4  5  6  7  8  9 10 11 12 13 14 15 16 17 |
---------------+----------------------------------------------------+-----
Conjurations   | 2 3 4 5 6 7 9 10 12 13 | 13.4
Poison Magic   | 2 4 5 |  5.3
Fighting       | 1 2 4 |  4.0
Fire Magic     | 1 2 |  2.0
Armour         | 2 3 5 |  5.0
Short Blades   | 1 4 7 9 10 | 10.0
Translocations | 3 4 |  4.0
Hexes          | 4 6 7 |  7.5
Necromancy     | 3 5 6 |  6.7
Evocations     | 1 4 6 |  6.0
Stealth        | 7 8 |  8.3
Air Magic      | 3 4 6 8 9 |  9.3
Shields        | 2 3 4 |  4.0
Spellcasting   | 4 6 8 9 11 | 11.4
Ice Magic      | 1 7 10 11 12 13 | 13.2
Charms         | 2 |  2.2
Dodging        | |  1.5
Summonings     | |  1.0

Action                   |  1- 3 |  4- 6 |  7- 9 | 10-12 | 13-15 | 16-18 || total
-------------------------+-------+-------+-------+-------+-------+-------++-------
Melee: Short sword       |     5 |     4 |       |       |       |       ||     9
       Trident           |       |    27 |    26 |       |       |       ||    53
       Dagger            |       |       |   201 |   435 |  1302 |   410 ||  2348
       Falchion          |       |       |    19 |    14 |       |       ||    33
       Constrict         |       |       |       |       |   211 |    61 ||   272
       Long sword        |       |       |       |       |    39 |       ||    39
       Scimitar          |       |       |       |       |    11 |       ||    11
 Cast: Magic Dart        |    41 |    90 |   150 |   106 |       |       ||   387
       Mephitic Cloud    |       |     3 |     8 |    38 |    50 |       ||    99
       Blink             |       |       |     1 |    25 |    22 |     4 ||    52
       Conjure Flame     |       |       |       |    16 |    25 |       ||    41
       Confuse           |       |       |       |    29 |    36 |       ||    65
       Bolt of Cold      |       |       |       |       |     5 |    25 ||    30
       Freezing Cloud    |       |       |       |       |     7 |    29 ||    36
       Regeneration      |       |       |       |       |       |     4 ||     4
Invok: Receive Necronomi |       |       |       |       |     1 |       ||     1
 Abil: Spit Poison       |    32 |    57 |    66 |   106 |   121 |       ||   382
       Breathe Poison Ga |       |       |       |       |    10 |    26 ||    36
Evoke: Wand              |       |       |       |    99 |    46 |     9 ||   154
  Use: Scroll            |       |       |     8 |    13 |    14 |     7 ||    42
       Potion            |       |       |       |     1 |    17 |     5 ||    23
 Stab: Sleeping          |       |       |     5 |     4 |    30 |    17 ||    56
       Confused          |       |       |     4 |    27 |    56 |       ||    87
       Paralysed         |       |       |       |     2 |     1 |       ||     3
       Distracted        |       |       |       |       |       |     1 ||     1
  Eat: Chunk             |     1 |     8 |    13 |    25 |    35 |    18 ||   100
       Ration            |       |       |     1 |     2 |     3 |     4 ||    10
Armor: Robe              |     1 |     5 |       |       |       |       ||     6
       Leather armour    |       |     2 |    83 |    93 |    12 |       ||   190
       Troll leather arm |       |       |       |       |   294 |   153 ||   447
       Skin              |       |       |       |       |    55 |    17 ||    72
Dodge: Dodged            |    15 |    31 |    77 |   111 |   252 |    58 ||   544
Block: Buckler           |       |       |       |     7 |   138 |    62 ||   207
       Rpst.: Falchion   |       |       |     2 |     1 |       |       ||     3
       Long sword        |       |       |       |       |     3 |       ||     3

Table legend:
 A = Spawn XP
 B = Non-spawn XP
 C = Spawn XP percentage of total XP
 D = Spawn monster count
 E = Non-spawn monster count
 F = Spawn count percentage of total count
 G = Total turns spent on level
                    A         B        C        D         E        F      G
               +---------+---------+-------+---------+---------+-------+---------
         Total |       0 |  200150 |   0.0 |       0 |     824 |   0.0 | 26012
               +---------+---------+-------+---------+---------+-------+---------
           D:1 |       0 |      62 |   0.0 |       0 |      28 |   0.0 |   792
           D:2 |       0 |     185 |   0.0 |       0 |      26 |   0.0 |   816
           D:3 |       0 |     558 |   0.0 |       0 |      41 |   0.0 |   660
           D:4 |       0 |     533 |   0.0 |       0 |      22 |   0.0 |   975
           D:5 |       0 |     605 |   0.0 |       0 |      26 |   0.0 |   820
           D:6 |       0 |    1480 |   0.0 |       0 |      26 |   0.0 |  1027
           D:7 |       0 |     786 |   0.0 |       0 |      13 |   0.0 |  1108
           D:8 |       0 |     910 |   0.0 |       0 |      13 |   0.0 |   719
           D:9 |       0 |    3315 |   0.0 |       0 |      27 |   0.0 |  1049
          D:10 |       0 |    2943 |   0.0 |       0 |      16 |   0.0 |   636
          D:11 |       0 |    4147 |   0.0 |       0 |      26 |   0.0 |   677
          D:12 |       0 |    5744 |   0.0 |       0 |      22 |   0.0 |   763
          D:13 |       0 |   13951 |   0.0 |       0 |      50 |   0.0 |  1382
          D:14 |       0 |    5100 |   0.0 |       0 |      26 |   0.0 |  1164
          D:15 |       0 |   21032 |   0.0 |       0 |      55 |   0.0 |  1154
        Lair:1 |       0 |    2805 |   0.0 |       0 |       9 |   0.0 |   796
        Lair:2 |       0 |    4809 |   0.0 |       0 |      22 |   0.0 |   862
        Lair:3 |       0 |    5753 |   0.0 |       0 |      30 |   0.0 |  1217
        Lair:4 |       0 |    6064 |   0.0 |       0 |      23 |   0.0 |  1051
        Lair:5 |       0 |    3098 |   0.0 |       0 |      14 |   0.0 |   604
        Lair:6 |       0 |   19354 |   0.0 |       0 |      49 |   0.0 |  1643
       Swamp:1 |       0 |    8632 |   0.0 |       0 |      18 |   0.0 |   156
       Snake:1 |       0 |   15586 |   0.0 |       0 |      30 |   0.0 |   981
       Snake:2 |       0 |   25486 |   0.0 |       0 |      49 |   0.0 |  1427
       Snake:3 |       0 |   18684 |   0.0 |       0 |      25 |   0.0 |   933
         Orc:1 |       0 |    3884 |   0.0 |       0 |      54 |   0.0 |   682
         Orc:2 |       0 |   23069 |   0.0 |       0 |      82 |   0.0 |  1238
           Lab |       0 |    1575 |   0.0 |       0 |       2 |   0.0 |   590
               +---------+---------+-------+---------+---------+-------+---------
